1952 views
Uploaded 2023-09-27 20:18:02
Game version 1.36 (6115)
23:12 long 1on1 ladder game on (2)AutumnLeaves_S2_v2.0
Saved by floss2xdaily
1952 views
Uploaded 2023-09-27 20:18:02
Game version 1.36 (6115)
23:12 long 1on1 ladder game on (2)AutumnLeaves_S2_v2.0

40 units @ 5.5k
/ 0.6k
29 buildings @ 3.1k
/ 1.4k



| Scroll of Regeneration | 3 | 300 |
| Lesser Clarity Potion | 1 | 70 |
| Staff of Sanctuary | 3 | 750 |
| Orb of Fire | 1 | 325 |
| Scroll of Town Portal | 3 | 1050 |
| total: | 11 | 2495g |
| Peasant | 12 | 900 | / | 0 |
| Footman | 9 | 1215 | / | 0 |
| Rifleman | 7 | 1435 | / | 210 |
| Mortar Team | 4 | 720 | / | 280 |
| Priest | 6 | 810 | / | 60 |
| Knight | 1 | 245 | / | 60 |
| Sorceress | 1 | 155 | / | 20 |
| total: | 40 | 5480g | / | 630w |
| Scout Tower | 8 | 240 | / | 160 |
| Arcane Tower | 2 | 140 | / | 100 |
| Guard Tower | 2 | 140 | / | 100 |
| Altar of Kings | 2 | 360 | / | 100 |
| Farm | 10 | 800 | / | 200 |
| Barracks | 1 | 160 | / | 60 |
| Arcane Vault | 1 | 130 | / | 30 |
| Blacksmith | 1 | 140 | / | 60 |
| Lumber Mill | 1 | 120 | / | 0 |
| Town Hall | 2 | 770 | / | 410 |
| Arcane Sanctum | 1 | 150 | / | 140 |
| Workshop | 2 | 280 | / | 280 |
| Keep | 1 | 320 | / | 210 |
| Castle | 1 | 360 | / | 210 |
| total: | 29 | 3150g | / | 1440w |
| 0:02 | Altar of Kings |
| 0:03 | Peasant |
| 0:03 | Peasant |
| 0:05 | Altar of Kings |
| 0:19 | Farm |
| 0:20 | Barracks |
| 0:23 | Peasant |
| 0:37 | Peasant |
| 0:50 | Peasant |
| 0:54 | Farm |
| 1:06 | Peasant |
| 1:13 | Peasant |
| 1:22 | Footman |
| 1:22 | Footman |
| 1:22 | Footman |
| 1:33 | Farm |
| 1:43 | Footman |
| 1:43 | Footman |
| 1:43 | Footman |
| 1:51 | Peasant |
| 2:04 | Footman |
| 2:06 | Summon Water Elemental |
| 2:44 | Footman |
| 2:44 | Peasant |
| 2:45 | Brilliance Aura |
| 4:07 | Keep |
| 4:13 | Arcane Vault |
| 4:15 | Blacksmith |
| 4:17 | Farm |
| 4:18 | Scout Tower |
| 4:48 | Arcane Tower |
| 5:12 | Scroll of Regeneration |
| 5:13 | Lesser Clarity Potion |
| 5:25 | Farm |
| 5:35 | Scout Tower |
| 5:37 | Lumber Mill |
| 6:08 | Scroll of Regeneration |
| 6:10 | Rifleman |
| 6:10 | Rifleman |
| 6:20 | Farm |
| 6:31 | Arcane Sanctum |
| 6:32 | Workshop |
| 6:43 | Summon Water Elemental |
| 6:52 | Guard Tower |
| 7:31 | Storm Bolt |
| 7:50 | Footman |
| 7:51 | Mortar Team |
| 7:52 | Priest |
| 7:56 | Rifleman |
| 8:01 | Farm |
| 8:32 | Rifleman |
| 8:32 | Priest |
| 8:38 | Thunder Clap |
| 8:42 | Rifleman |
| 8:44 | Long Rifles |
| 9:04 | Castle |
| 9:29 | Priest Adept Training |
| 9:30 | Farm |
| 9:33 | Black Gunpowder |
| 9:56 | Storm Bolt |
| 10:41 | Rifleman |
| 10:42 | Mortar Team |
| 10:42 | Priest |
| 11:03 | Brilliance Aura |
| 11:31 | Priest Master Training |
| 11:32 | Fragmentation Shards |
| 11:49 | Refined Gunpowder |
| 11:54 | Scroll of Town Portal |
| 11:55 | Staff of Sanctuary |
| 12:03 | Farm |
| 12:34 | Thunder Clap |
| 12:52 | Priest |
| 13:28 | Holy Light |
| 13:48 | Town Hall |
| 13:48 | Scout Tower |
| 14:48 | Arcane Tower |
| 15:04 | Scout Tower |
| 15:05 | Scout Tower |
| 16:10 | Guard Tower |
| 16:21 | Scroll of Town Portal |
| 16:23 | Scroll of Regeneration |
| 16:32 | Staff of Sanctuary |
| 16:40 | Rifleman |
| 16:41 | Priest |
| 16:42 | Mortar Team |
| 16:45 | Studded Leather Armor |
| 17:43 | Animal War Training |
| 17:46 | Peasant |
| 17:46 | Peasant |
| 17:47 | Peasant |
| 18:27 | Flare |
| 19:29 | Scroll of Town Portal |
| 19:36 | Orb of Fire |
| 19:38 | Knight |
| 19:40 | Priest |
| 19:40 | Sorceress |
| 19:43 | Mortar Team |
| 20:08 | Staff of Sanctuary |
| 20:17 | Farm |
| 21:27 | Town Hall |
| 21:47 | Workshop |
| 21:49 | Divine Shield |
| 22:00 | Scout Tower |
| 22:01 | Scout Tower |
| 22:04 | Scout Tower |
| 22:22 | Thunder Clap |
| 22:31 | Summon Water Elemental |
| Right click | 1133 |
| Select group | 954 |
| Select | 739 |
| Chat | 376 |
| Misc. action | 252 |
| Build/train/purchase | 141 |
| Assign group | 55 |
| Use ability | 36 |
| Item give/drop | 3 |
| Remove unit | 2 |
45 units @ 7.1k
/ 1k
19 buildings @ 3.1k
/ 1k


| Rod of Necromancy | 4 | 600 |
| Sacrificial Skull | 1 | 50 |
| Ritual Dagger | 1 | 125 |
| Orb of Corruption | 1 | 375 |
| Scroll of Town Portal | 2 | 700 |
| total: | 9 | 1850g |
| Acolyte | 8 | 600 | / | 0 |
| Ghoul | 12 | 1440 | / | 0 |
| Crypt Fiend | 10 | 2150 | / | 400 |
| Obsidian Statue | 4 | 800 | / | 140 |
| Banshee | 5 | 775 | / | 150 |
| Meat Wagon | 6 | 1380 | / | 300 |
| total: | 45 | 7145g | / | 990w |
| Nerubian Tower | 2 | 200 | / | 40 |
| Crypt | 1 | 200 | / | 50 |
| Ziggurat | 9 | 1350 | / | 450 |
| Altar of Darkness | 1 | 180 | / | 50 |
| Tomb of Relics | 2 | 260 | / | 60 |
| Graveyard | 1 | 215 | / | 0 |
| Necropolis | 2 | 450 | / | 0 |
| Slaughterhouse | 2 | 280 | / | 270 |
| Temple of the Damned | 1 | 155 | / | 140 |
| Halls of the Dead | 1 | 320 | / | 210 |
| Black Citadel | 1 | 325 | / | 230 |
| total: | 19 | 3090g | / | 1020w |
| 0:01 | Acolyte |
| 0:10 | Crypt |
| 0:14 | Ziggurat |
| 0:17 | Acolyte |
| 0:25 | Acolyte |
| 0:38 | Altar of Darkness |
| 0:41 | Acolyte |
| 0:58 | Ziggurat |
| 1:13 | Ghoul |
| 1:23 | Tomb of Relics |
| 1:36 | Ghoul |
| 1:49 | Ghoul |
| 2:14 | Ghoul |
| 2:37 | Acolyte |
| 2:39 | Rod of Necromancy |
| 2:39 | Sacrificial Skull |
| 2:58 | Frost Nova |
| 3:06 | Ziggurat |
| 3:12 | Ghoul |
| 3:33 | Ghoul |
| 3:35 | Ghoul |
| 4:00 | Ghoul |
| 4:16 | Acolyte |
| 4:29 | Nerubian Tower |
| 4:37 | Ghoul |
| 5:01 | Ghoul |
| 5:03 | Halls of the Dead |
| 5:14 | Ziggurat |
| 5:24 | Graveyard |
| 5:37 | Ziggurat |
| 6:03 | Ziggurat |
| 6:13 | Ziggurat |
| 6:29 | Ghoul |
| 7:03 | Ghoul |
| 7:07 | Rod of Necromancy |
| 7:14 | Dark Ritual |
| 7:15 | Nerubian Tower |
| 7:42 | Slaughterhouse |
| 7:47 | Crypt Fiend |
| 7:59 | Ritual Dagger |
| 8:12 | Crypt Fiend |
| 8:22 | Ziggurat |
| 8:54 | Black Citadel |
| 9:04 | Death Coil |
| 9:28 | Temple of the Damned |
| 9:29 | Obsidian Statue |
| 9:37 | Frost Nova |
| 9:48 | Crypt Fiend |
| 10:29 | Crypt Fiend |
| 10:38 | Banshee Adept Training |
| 10:45 | Rod of Necromancy |
| 10:57 | Ziggurat |
| 11:06 | Crypt Fiend |
| 11:25 | Burrow |
| 11:31 | Unholy Aura |
| 11:38 | Destroyer Form |
| 11:51 | Banshee Master Training |
| 11:53 | Creature Attack |
| 12:10 | Obsidian Statue |
| 12:31 | Crypt Fiend |
| 12:47 | Slaughterhouse |
| 13:12 | Banshee |
| 13:45 | Orb of Corruption |
| 13:46 | Scroll of Town Portal |
| 13:50 | Banshee |
| 13:57 | Death Coil |
| 14:02 | Disease Cloud |
| 14:22 | Banshee |
| 14:25 | Dark Ritual |
| 14:37 | Meat Wagon |
| 14:37 | Crypt Fiend |
| 15:00 | Tomb of Relics |
| 16:19 | Crypt Fiend |
| 16:36 | Banshee |
| 16:38 | Meat Wagon |
| 16:50 | Crypt Fiend |
| 17:01 | Obsidian Statue |
| 17:32 | Crypt Fiend |
| 18:22 | Scroll of Town Portal |
| 19:28 | Necropolis |
| 19:30 | Necropolis |
| 19:34 | Rod of Necromancy |
| 19:47 | Banshee |
| 20:08 | Obsidian Statue |
| 20:20 | Meat Wagon |
| 20:27 | Meat Wagon |
| 21:18 | Acolyte |
| 21:27 | Meat Wagon |
| 21:30 | Acolyte |
| 21:36 | Meat Wagon |
| Right click | 1890 |
| Select group | 1119 |
| Select | 836 |
| Chat | 390 |
| Build/train/purchase | 122 |
| Assign group | 108 |
| Misc. action | 79 |
| Use ability | 59 |
| Esc | 11 |
| Item give/drop | 4 |